 Dungeon Crawl Stone Soup version 0.31-a0-202-g547052bce9 (webtiles) character file.

Game seed: 13640886229953826560

48 qw the Shooter (level 3, -3/20 HPs)
             Began as a Deep Elf Hunter on June 26, 2023.
             Was an Initiate of Okawaru.
             Slain by Robin
             ... wielding a +0 trident
              (5 damage)
             ... on level 3 of the Dungeon.
             The game lasted 00:00:31 (1610 turns).

qw the Shooter (Deep Elf Hunter)                    Turns: 1610, Time: 00:00:31

Health: -3/20      AC:  5    Str: 10    XL:     3   Next: 50%
Magic:  5/5        EV: 11    Int: 13    God:    Okawaru [......]
Gold:   112        SH:  0    Dex: 18    Spells: 2/2 levels left

rFire   . . .        Y - +0 shortbow
rCold   . . .        (shield currently unavailable)
rNeg    . . .        g - +0 ring mail
rPois   .            (no helmet)
rElec   .            (no cloak)
rCorr   .            (no gloves)
SInv    .            (no boots)
Will    .....        b - amulet of the acrobat
Stlth   +            (no ring)
HPRegen 0.23/turn    (no ring)
MPRegen 0.09/turn

%: acrobat
@: no status effects
A: no striking features
a: Renounce Religion


You were on level 3 of the Dungeon.
You worshipped Okawaru.
Okawaru was noncommittal.
You visited 1 branch of the dungeon, and saw 3 of its levels.

You collected 112 gold pieces.


   Skills:
 - Level 1.5 Fighting
 + Level 7.0 Ranged Weapons
 - Level 2.4 Dodging
 - Level 1.2 Stealth


You had 2 spell levels left.
You didn't know any spells.
Your spell library was empty.

Inventory:

Hand Weapons
 Y - a +0 shortbow (weapon)
Armour
 g - a +0 ring mail (worn)
Jewellery
 b - an amulet of the acrobat (around neck)
Scrolls
 h - a scroll of identify
Potions
 e - a potion of berserk rage {unknown}
 j - a potion of ambrosia {unknown}
 k - a potion of haste {unknown}

Dungeon Overview and Level Annotations

Branches:
Dungeon (3/15)

Altars:
Okawaru

Annotations:
D:1 1 transporter
D:3 Robin


Message History

You shoot an arrow. The arrow hits the goblin!
You kill the goblin!
Okawaru accepts your kill.
The goblin shoots a sling bullet.
The sling bullet hits you.
You shoot an arrow.
The arrow hits Robin but does no damage.
Robin closely misses you.
Robin hits you from afar with a +0 trident!
You shoot an arrow. The arrow hits the goblin.
The goblin is moderately wounded.
The goblin unwields a +0 sling.
The goblin wields a +0 club.
The goblin hits you but does no damage.
Robin hits you from afar with a +0 trident.
You shoot an arrow. The arrow barely misses the goblin.
The goblin hits you but does no damage. Robin throws the goblin at you!
The goblin closely misses you.
You shoot an arrow. The arrow hits the goblin.
The goblin is severely wounded.
Robin roars a battlecry!
The goblin hits you with a +0 club.
You shoot an arrow. The arrow closely misses the goblin.
The goblin no longer looks unusually strong.
Robin hits you from afar with a +0 trident.
The goblin hits you but does no damage.
You shoot an arrow. The arrow hits the goblin!
You kill the goblin!
Okawaru accepts your kill.
Robin hits you from afar with a +0 trident.
You shoot an arrow. The arrow hits Robin.
Robin is lightly wounded.
Robin misses you. x2
You shoot an arrow. The arrow barely misses Robin.
Robin closely misses you.
You shoot an arrow. The arrow barely misses Robin.
You hear a shout!
Robin hits you but does no damage.
You shoot an arrow. The arrow hits Robin.
Robin is moderately wounded.
Robin hits you from afar with a +0 trident.
You die...

###### #....#
##....### ..[.....
###....#
###########......#
#))@).......#....#
#g###########.<..#
#). #....# #...
###### #.gg #..g
.... #####


You could see Robin.

Vanquished Creatures
  A worm (D:2)
  3 endoplasms
  11 goblins
  5 hobgoblins
  4 jackals (D:1)
  3 quokkas
  A bat (D:1)
  A frilled lizard (D:2)
  4 kobolds
  6 rats
39 creatures vanquished.

Notes
Turn   | Place    | Note
-------+----------+-------------------------------------------
     0 | D:1      | qw the Deep Elf Hunter began the quest for the Orb.
     0 | D:1      | Reached XP level 1. HP: 12/12 MP: 3/3
     0 | D:1      | 0 ||| qw: Version: 0.3-a-22-g0ed2b0b
     0 | D:1      | 0 ||| qw: Game counter: 6034
     0 | D:1      | 0 ||| qw: Melee chars always use a shield: true
     0 | D:1      | 0 ||| qw: God list: Okawaru
     0 | D:1      | 0 ||| qw: Allow faded altars: false
     0 | D:1      | 0 ||| qw: Do Orc after clearing Dungeon:15 true
     0 | D:1      | 0 ||| qw: Do second Lair branch before Depths: true
     0 | D:1      | 0 ||| qw: Lair rune preference: random
     0 | D:1      | 0 ||| qw: Goals: Normal
     0 | D:1      | 0 ||| PLANNING D:1-11
   140 | D:1      | Reached XP level 2. HP: 16/16 MP: 4/4
   150 | D:1      | Reached skill level 6 in Ranged Weapons
   549 | D:1      | 549 ||| UPGRADING to +0 ring mail.
   559 | D:1      | 559 ||| DROPPING +0 leather armour.
   560 | D:1      | 560 ||| READING scroll labelled MUXZYBIRRI.
   561 | D:1      | 561 ||| READING scroll labelled LAQAER TOS XOYNG.
   562 | D:1      | 562 ||| READING 2 scrolls labelled EZIUXO ESEMMARPH.
   563 | D:1      | 563 ||| DRINKING 2 bubbling cyan potions.
   564 | D:1      | 564 ||| DROPPING scroll of butterflies.
   565 | D:1      | 565 ||| DROPPING potion of invisibility.
   914 | D:2      | Reached XP level 3. HP: 20/20 MP: 5/5
  1016 | D:2      | Found an iron altar of Okawaru.
  1017 | D:2      | 1017 ||| PLANNING OKAWARU WORSHIP
  1017 | D:2      | 1017 ||| UPGRADING to amulet of the acrobat.
  1022 | D:2      | 1022 ||| READING scroll labelled KESCHE GOQOEKK.
  1023 | D:2      | 1023 ||| DRINKING 2 emerald potions.
  1052 | D:2      | 1052 ||| DROPPING potion of lignification.
  1060 | D:2      | Became a worshipper of Warmaster Okawaru
  1061 | D:2      | 1061 ||| PLANNING D:1-11
  1586 | D:3      | Noticed Robin
  1589 | D:3      | 1589 ||| Stepping ~*~*~tactically~*~*~ (outnumbered).
  1599 | D:3      | Reached skill level 7 in Ranged Weapons
  1604 | D:3      | HP: 5/20 [goblin/+0 club[Robin] (1)]
  1606 | D:3      | HP: 1/20 [Robin/+0 trident (3)]
  1610 | D:3      | Slain by Robin

Levels and vault maps discovered:
D:1:      spicycebolla_arrival_risky_transporter, layout_rooms
D:2:      layout_loops_corners, basic_altar
D:3:      layout_rooms, uniq_natasha, uniq_crazy_yiuf_cottage, uniq_robin

Skill      XL: |  1  2  3 |
---------------+----------+-----
Ranged Weapons | 6 7 |  7.0
Fighting       | |  1.5
Dodging        | |  2.4
Stealth        | |  1.2

Action                     || total
---------------------------++-------
   Fire: Shortbow          ||   116
    Use: Scroll            ||     4
         Potion            ||     2
 Armour: Leather armour    ||     9
         Ring mail         ||    17
  Dodge: Dodged            ||    43

Table legend:
 A = Non-vault XP
 B = Vault XP
 C = Vault XP percentage of total XP
 D = Non-vault monster count
 E = Vault monster count
 F = Vault count percentage of total count
                 A         B        C        D         E       F
            +---------+---------+-------+---------+---------+-------
      Total |      51 |      18 |  26.1 |      30 |       9 |  23.1
            +---------+---------+-------+---------+---------+-------
        D:1 |      21 |       0 |   0.0 |      13 |       0 |   0.0
        D:2 |      30 |       0 |   0.0 |      17 |       0 |   0.0
        D:3 |       0 |      18 | 100.0 |       0 |       9 | 100.0
            +---------+---------+-------+---------+---------+-------
